 Dungeon Crawl Stone Soup version 0.30-a0-187-gd9c2deaf24 (webtiles) character file.

Game seed: 7777368789742711059

2359 Flugkiller the Magician (level 9, -8/69 HPs)
             Began as a Mummy Delver on Oct 3, 2022.
             Was a Priest of Vehumet.
             Mangled by a two-headed ogre
             ... wielding a +0 giant club
              (9 damage)
             ... on level 7 of the Dungeon.
             The game lasted 00:09:35 (8383 turns).

Flugkiller the Magician (Mummy Delver)              Turns: 8383, Time: 00:09:35

Health: -8/69      AC:  3    Str: 20    XL:     9   Next: 20%
Magic:  18/18      EV: 14    Int: 13    God:    Vehumet [***...]
Gold:   356        SH:  0    Dex: 19    Spells: 9/20 levels left

rFire   x . .      SeeInvis +    u - +5 mace of the Weasel {freeze, Contam Str+3 Dex+3}
rCold   + . .      Faith    +    (no shield)
rNeg    + + +      Spirit   .    b - +0 leather armour
rPois   ∞          Reflect  .    (no helmet)
rElec   .          Harm     .    (no cloak)
rCorr   +          Rampage  .    (no gloves)
Will    ++...                    (no boots)
Stlth   +++.......               d - amulet of the Voivode {Acrobat Int+2}
HPRegen 0.31/turn                h - ring "Kirod" {Will+ rCorr Str+2 SInv}
MPRegen 0.16/turn                (no ring)

@: about to teleport
A: cold resistance 1, negative energy resistance 3, torment resistance 2, heat
vulnerability 1, in touch with death 1, no potions, faith
a: Renounce Religion


You were on level 7 of the Dungeon.
You worshipped Vehumet.
Vehumet was most pleased with you.
You visited 1 branch of the dungeon, and saw 7 of its levels.

You collected 356 gold pieces.

Inventory:

Hand Weapons
 a - a +1 falchion of protection
 n - a +1 trident of protection
   (You found it on level 6 of the Dungeon)
 q - a +0 rapier
   (You found it on level 2 of the Dungeon)
 u - the +5 mace of the Weasel (weapon) {freeze, Contam Str+3 Dex+3}
   (You took it off an orc on level 5 of the Dungeon)

   It freezes those it strikes, dealing additional cold damage.
   It can also slow down cold-blooded creatures.
   Str:       It affects your strength (+3).
   Dex:       It affects your dexterity (+3).
   Contam:    It causes magical contamination when unequipped.
Missiles
 l - 13 poisoned darts (quivered)
 m - 2 throwing nets
Armour
 b - a +0 leather armour (worn)
Jewellery
 d - the amulet of the Voivode (around neck) {Acrobat Int+2}
   (You found it on level 4 of the Dungeon)

   [amulet of the acrobat]

   It increases your evasion while moving and waiting.
   Int:       It affects your intelligence (+2).
 h - the ring "Kirod" (left hand) {Will+ rCorr Str+2 SInv}
   (You found it on level 3 of the Dungeon)

   [ring of willpower]

   Str:       It affects your strength (+2).
   SInv:      It lets you see invisible.
   rCorr:     It protects you from acid and corrosion.
   Will:      It increases your willpower.
Wands
 f - a wand of digging (2)
 i - a wand of roots (20)
   (You found it on level 5 of the Dungeon)
 j - a wand of charming (6)
   (You found it on level 4 of the Dungeon)
Scrolls
 c - a scroll of fog
 e - 4 scrolls of immolation
 g - 4 scrolls of enchant weapon
 k - a scroll of poison
 o - 4 scrolls of magic mapping
 p - 2 scrolls of amnesia
 r - 3 scrolls of identify
 s - a scroll of torment
 t - a scroll of teleportation
 w - a scroll of enchant armour {unknown}


   Skills:
 + Level 5.9 Fighting
 - Level 2.8 Long Blades
 + Level 4.4 Dodging
 - Level 4.1 Stealth
 - Level 6.0 Spellcasting
 + Level 1.7 Conjurations
 + Level 1.7 Summonings
 - Level 6.0 Ice Magic


You had 9 spell levels left.
You knew the following spells:

 Your Spells              Type           Power      Damage    Failure   Level
a - Freeze                Ice            76%        1d9       1%          1
b - Frozen Ramparts       Ice            38%        1d6       1%          3
c - Hailstorm             Conj/Ice       13%        3d5       3%          3
d - Summon Ice Beast      Ice/Summ       13%        N/A       38%         4

Your spell library contained the following spells:

 Spells                   Type           Power      Damage    Failure   Level
 Momentum Strike          Conj/Tloc      12%        3d8       6%          2
 Blink                    Tloc           6%         N/A       30%         2
 Lesser Beckoning         Tloc           6%         N/A       52%         3
 Manifold Assault         Tloc           3%         N/A       89%         4
 Dispersal                Tloc           1%         N/A       100%        6
 Disjunction              Tloc           1%         N/A       100%        8
 Ice Form                 Ice/Tmut       Unusable   N/A       N/A         4

Dungeon Overview and Level Annotations

Branches:
Dungeon (7/15) Zot: 26323  Temple (0/1) D:5

Altars:
Fedhas
Qazlal
Trog
Vehumet

Shops:
D:3 :

Annotations:
D:5 Edmund


Innate Abilities, Weirdness & Mutations

You are immune to poison.
Your flesh is cold resistant. (rC+)
You are immune to negative energy. (rN+++)
You are immune to unholy pain and torment.
You are vulnerable to heat. (rF-)
You are in touch with the powers of death.
You do not drink.
You have a special connection with the divine. (Faith)


Message History

Something barely misses your butterfly. Something bites your butterfly.
Your butterfly dies!
Your butterfly disappears in a burst of colours!
Something closely misses your butterfly.
Something barely misses your butterfly.
The vampire mosquito attacks as you move away!
The vampire mosquito misses you.
Your butterfly disappears in a burst of colours!
The vampire mosquito closely misses you.
You barely miss the vampire mosquito.
The vampire mosquito closely misses you. x3
Aiming: Fastroot
Press: ? - help, Shift-Dir - straight line The roots erupt in riotous growth!
Your butterfly is unaffected. x3
Roots grab the vampire mosquito.
The grasping roots constrict the vampire mosquito.
Your butterfly disappears in a burst of colours!
The vampire mosquito barely misses you.
The vampire mosquito closely misses you.
You hit the vampire mosquito. You freeze the vampire mosquito.
The vampire mosquito is moderately damaged.
The grasping roots constrict the vampire mosquito!
The roots release their grip on the vampire mosquito.
The vampire mosquito barely misses you. The vampire mosquito bites you.
* * * LOW HITPOINT WARNING * * *
You barely miss the vampire mosquito.
The vampire mosquito is severely damaged.
Your butterfly disappears in a burst of colours! x2
The vampire mosquito bites you but does no damage. x2
The vampire mosquito barely misses you.
Aiming: Fastroot
Press: ? - help, Shift-Dir - straight line The roots erupt in riotous growth!
Your butterfly is unaffected. x2
Roots grab the vampire mosquito.
The grasping roots constrict the vampire mosquito.
Your butterfly disappears in a burst of colours! x2
The vampire mosquito bites you!
* * * LOW HITPOINT WARNING * * *
The vampire mosquito misses you.
You sock the vampire mosquito! You freeze the vampire mosquito.
You destroy the vampire mosquito!
Vehumet accepts your kill.
Your butterfly disappears in a burst of colours! x2
Your butterfly disappears in a burst of colours!
Your butterfly disappears in a burst of colours! x3
Your butterfly disappears in a burst of colours!
There is an escape hatch in the ceiling here.
A mysterious force pulls you upwards. The hatch slams shut behind you.
You start resting.
Magic restored.
You start resting.
HP restored.
(D) Dungeon (T) Temple
Where to? (Enter - D:7, ? - help)
There is a stone staircase leading down here.
You climb downwards.
There is a stone staircase leading up here.
There is a stone staircase leading down here.
Things that are here:
a +0 chain mail; a +0 whip
Items here: ( )) [[.
There is an open door here.
A bullfrog is nearby!
A bullfrog is nearby!
A bullfrog is nearby!
A two-headed ogre comes into view.
It is wielding a +0 giant club and a +0 giant spiked club.
The bullfrog gives a loud, deep croak!
You hear a shout!
The two-headed ogre completely misses you.
The two-headed ogre hits you with a +0 giant spiked club!
Aiming: Fastroot
Press: ? - help, Shift-Dir - straight line The roots erupt in riotous growth!
Roots grab the bullfrog.
The grasping roots constrict the bullfrog.
You hear a shout! x2
The bullfrog misses you.
Aiming: Fastroot
Press: ? - help, Shift-Dir - straight line The roots erupt in riotous growth!
Roots grab the two-headed ogre.
The grasping roots constrict the two-headed ogre.
The grasping roots constrict the bullfrog.
The roots release their grip on the bullfrog.
The bullfrog completely misses you.
The two-headed ogre hits you with a +0 giant club!!
The two-headed ogre hits you with a +0 giant spiked club!!
* * * LOW HITPOINT WARNING * * *
The bullfrog closely misses you.
The grasping roots constrict the two-headed ogre.
The roots release their grip on the two-headed ogre.
The bullfrog misses you.
As you read the scroll of teleportation, it crumbles to dust.
You feel strangely unstable. The bullfrog barely misses you.
The bullfrog misses you.
The two-headed ogre hits you with a +0 giant club!!
* * * LOW HITPOINT WARNING * * *
The two-headed ogre hits you with a +0 giant spiked club!
You die...

!.....# #..........#
###.....## ......#
#..........# #.......
......# #..........#
#....... ......#
#..........# #.....#.
......# ############
#.....#. ....).#
############# #####.#.
......#
#...........#######...
......#
#.....................
#######
#....@................
#..♣.FO...............
♣..
♣.................. ♣
♣..................
♣.♣♣♣...............
♣.♣ ♣................
♣♣ ♣..#..............
..##..............
#..............


You could see a two-headed ogre and a bullfrog.

Vanquished Creatures
  A vampire mosquito (D:7)
  A water moccasin (D:7)
  Duvessa (D:5)
  An orc warrior (D:6)
  2 ogres
  2 ice beasts
  2 centaurs
  2 phantoms
  A kobold brigand (D:6)
  A bullfrog (D:7)
  A necrophage (D:3)
  4 scorpions
  Dowan (D:5)
  A howler monkey (D:5)
  3 hounds
  A jelly (D:7)
  3 orc priests
  A gnoll bouda (D:5)
  6 orc wizards
  2 iguanas (D:4)
  Natasha (thrice) (D:4)
  8 gnolls
  4 adders
  2 ufetubi
  2 worms
  A dart slug (D:2)
  27 orcs
  11 ball pythons
  6 bats
  8 endoplasms
  5 giant cockroaches
  3 goblins
  8 hobgoblins
  12 kobolds
  A quokka (D:1)
  2 frilled lizards
  5 rats
145 creatures vanquished.

Vanquished Creatures (others)
  A bush (D:5)
1 creature vanquished.

Grand Total: 146 creatures vanquished

Notes
Turn   | Place    | Note
-------+----------+-------------------------------------------
     0 | D:5      | Flugkiller the Mummy Delver began the quest for the Orb.
     0 | D:5      | Reached XP level 1. HP: 18/18 MP: 1/1
     8 | D:5      | Noticed a centaur
    18 | D:5      | Noticed a howler monkey
    35 | D:5      | Noticed an ogre
   313 | D:4      | Noticed a scorpion
   318 | D:4      | Identified the amulet of the Voivode {Acrobat Int+2}
   342 | D:4      | Noticed Natasha
   354 | D:4      | Noticed an iguana
   388 | D:4      | Noticed an iguana
   391 | D:3      | Found Soq Qog's Book Boutique.
   426 | D:3      | Noticed a necrophage
   428 | D:3      | Reached XP level 2. HP: 24/24 MP: 2/2
   699 | D:2      | Gained mutation: You are in touch with the powers of death.
                  | [Mummy growth]
   699 | D:2      | Reached XP level 3. HP: 16/29 MP: 3/3
  1133 | D:1      | HP: 1/29 [gnoll/+0 whip (5)]
  1401 | D:1      | Reached XP level 4. HP: 18/35 MP: 4/4
  2048 | D:1      | Found a faded altar of an unknown god.
  2271 | D:1      | Prayed at the altar of an unknown god.
  2271 | D:1      | Became a worshipper of Vehumet
  2271 | D:1      | Reached * piety under Vehumet
  2271 | D:1      | Offered knowledge of Freeze by Vehumet.
  2406 | D:2      | Learned a level 1 spell: Freeze
  3117 | D:3      | Identified the ring "Kirod" {Will+ rCorr Str+2 SInv}
  3185 | D:3      | Found a blossoming altar of Fedhas.
  3223 | D:3      | Offered knowledge of Foxfire by Vehumet.
  3325 | D:3      | Reached ** piety under Vehumet
  3510 | D:3      | Killed a necrophage
  3511 | D:3      | Reached skill level 1 in Spellcasting
  3511 | D:3      | Reached skill level 1 in Ice Magic
  3511 | D:3      | Reached XP level 5. HP: 33/41 MP: 4/6
  3772 | D:4      | Killed Natasha
  3824 | D:4      | Reached XP level 6. HP: 44/47 MP: 3/9
  4165 | D:4      | Found a bloodstained altar of Trog.
  4298 | D:4      | HP: 1/47 [gnoll/+0 flail[a gnoll bouda] (12)]
  4517 | D:5      | Learned a level 3 spell: Frozen Ramparts
  4529 | D:4      | Noticed Natasha
  4539 | D:4      | Killed Natasha
  4547 | D:4      | Noticed Natasha
  4668 | D:4      | Killed Natasha
  4987 | D:5      | Reached XP level 7. HP: 29/52 MP: 10/12
  5147 | D:5      | Found a staircase to the Ecumenical Temple.
  5393 | D:5      | Offered knowledge of Static Discharge by Vehumet.
  5765 | D:5      | Identified the +5 mace of the Weasel {freeze, Contam Str+3
                  | Dex+3}
  5857 | D:5      | Noticed Dowan
  5922 | D:5      | Noticed Duvessa
  5939 | D:5      | Killed Dowan
  5939 | D:5      | Reached *** piety under Vehumet
  5940 | D:5      | Reached skill level 5 in Spellcasting
  5940 | D:5      | Reached skill level 5 in Ice Magic
  6061 | D:5      | Killed Duvessa
  6062 | D:5      | Reached XP level 8. HP: 8/59 MP: 8/15
  6249 | D:5      | Found a stormy altar of Qazlal.
  6414 | D:6      | HP: 2/59 [orc warrior/+0 hand axe (9)]
  6659 | D:6      | Noticed Edmund
  7144 | D:6      | Reached skill level 5 in Fighting
  7318 | D:6      | Offered knowledge of Hailstorm by Vehumet.
  7325 | D:6      | Learned a level 3 spell: Hailstorm
  7359 | D:6      | Learned a level 4 spell: Summon Ice Beast
  7767 | D:7      | Reached XP level 9. HP: 61/68 MP: 18/18
  7777 | D:7      | Reached skill level 1 in Conjurations
  7777 | D:7      | Reached skill level 1 in Summonings
  8376 | D:7      | Noticed a two-headed ogre
  8383 | D:7      | HP: 1/69 [two-headed ogre/+0 giant club (18)]
  8383 | D:7      | Mangled by a two-headed ogre

Illustrated notes

Levels and vault maps discovered:
D:1:      amcnicky_arrival_abandoned_market, layout_basic,
          ebering_ecumenical_altar_webs
D:2:      layout_loops_corners, st_stairs_1, grunt_ministairs_5
D:3:      layout_loops_ring, lemuel_crystal_altar, serial_shops, shop
D:4:      layout_basic, lemuel_crystal_altar, chequers_serial_rivers_micro_a,
          kennysheep_crisscross, uniq_natasha
D:5:      nicolae_BIG_FREAKIN_CUBE, layout_basic,
          nicolae_overflow_crystal_walls, minmay_temple_entry_junction_2,
          minmay_hedge_maze, kennysheep_pointless_box, uniq_duvessa
D:6:      layout_cave_pools, roderic_roman_lattice, grunt_ministairs_14,
          minmay_misc_feat_nine_boxes, minmay_misc_feat_plants,
          nicolae_concentric_dashed_squares_mild, uniq_edmund
D:7:      layout_basic, kb_rosetta

Skill      XL: |  1  2  3  4  5  6  7  8  9 |
---------------+----------------------------+-----
Long Blades    | 2 |  2.8
Dodging        | 2 4 |  4.4
Spellcasting   | 1 2 3 5 6 |  6.0
Ice Magic      | 1 2 3 5 6 |  6.0
Fighting       | 5 |  5.9
Conjurations   | 1 |  1.7
Summonings     | 1 |  1.7
Stealth        | |  4.1

Action                   |  1- 3 |  4- 6 |  7- 9 || total
-------------------------+-------+-------+-------++-------
Melee: Falchion          |   110 |   168 |    20 ||   298
       Punch             |       |     1 |     2 ||     3
       Mace              |       |       |   133 ||   133
 Cast: Freeze            |       |    42 |    38 ||    80
       Frozen Ramparts   |       |     1 |    11 ||    12
       Hailstorm         |       |       |     6 ||     6
Evoke: Wand              |     1 |     3 |     7 ||    11
  Use: Scroll            |     3 |     9 |     8 ||    20
 Stab: Sleeping          |     5 |    16 |     4 ||    25
Armor: Leather armour    |    19 |    75 |    40 ||   134
Dodge: Dodged            |   103 |   172 |   238 ||   513

Table legend: (Time is in decaauts)
 A = Elapsed time spent in this place.
 B = Non-inter-level travel time spent in this place.
 C = Inter-level travel time spent in this place.
 D = Time resting spent in this place.
 E = Time spent auto-exploring this place.
 F = Levels seen in this place.
 G = Mean time per level.
                   A        B        C        D        E       F      G
               +--------+--------+--------+--------+--------+-----+--------+
         Total |   8494 |   7961 |    533 |   2292 |   3804 |   7 | 1213.4 |
       Dungeon |   8494 |   7961 |    533 |   2292 |   3804 |   7 | 1213.4 |
               +--------+--------+--------+--------+--------+-----+--------+

Top non-repeatable levels by time:
     D:5: 2117 daAuts
     D:4: 1393 daAuts
     D:1: 1373 daAuts
     D:2: 1219 daAuts
     D:6: 1036 daAuts
     D:3: 893 daAuts
     D:7: 460 daAuts
